 Dungeon Crawl Stone Soup version 0.18.1-50-g88ac8fd (webtiles) character file.

14 GammafunkIsRetarded the Magician (level 2, -2/17 HPs)
             Began as a High Elf Ice Elementalist on June 9, 2018.
             Slain by an adder (5 damage)
             ... on level 3 of the Dungeon.
             The game lasted 00:01:55 (260 turns).

GammafunkIsRetarded the Magician (HEIE)              Turns: 260, Time: 00:01:56

Health: -2/17      AC:  4    Str:  7    XL:     2   Next: 31%
Magic:  0/7        EV: 12    Int: 18    God:
Gold:   0          SH:  0    Dex: 15    Spells: 1 memorised, 7 levels left

rFire  . . .     SeeInvis .     d - +0 hand axe
rCold  . . .     Gourm    .     e - +0 robe {MR+}
rNeg   . . .     Faith    .     (no shield)
rPois  .         Spirit   .     (helmet restricted)
rElec  .         Dismiss  .     (no cloak)
rCorr  .         Reflect  .     (no gloves)
SustAt .         Harm     .     (no boots)
MR     ++...                    h - amulet of inaccuracy (curse)
Stlth  ++........               (no ring)
                                (no ring)

@: very resistant to hostile enchantments, unstealthy
A: horns 1, thin metallic scales 1, magic resistance 1
a: no special abilities


You were on level 3 of the Dungeon.
You were not hungry.

You visited 1 branch of the dungeon, and saw 3 of its levels.

Inventory:

Hand Weapons
 d - a +0 hand axe (weapon)
Armour
 a - a +0 robe
 e - a +0 robe of magic resistance (worn)
Jewellery
 h - a cursed amulet of inaccuracy (around neck)
Books
 b - a book of Frost

   Spells                             Type                      Level
   a - Freeze                         Ice                          1
   b - Throw Frost                    Conjuration/Ice              2
   c - Ozocubu's Armour               Charms/Ice                   3
   d - Throw Icicle                   Conjuration/Ice              4
   e - Summon Ice Beast               Ice/Summoning                4
Comestibles
 c - a bread ration
 f - 2 meat rations


   Skills:
 - Level 2.1 Dodging
 - Level 2.1 Stealth
 + Level 3.5 Spellcasting
   Level 1.1 Conjurations
 - Level 3.0 Ice Magic


You had 7 spell levels left.
You knew the following spells:

 Your Spells              Type           Power        Failure   Level  Hunger
a - Freeze                Ice            ##..         6%          1    None


Dungeon Overview and Level Annotations

Branches:
Dungeon (3/15)

Altars:


Innate Abilities, Weirdness & Mutations

You have a pair of small horns on your head.
You are partially covered in thin metallic scales (AC +2).
You are resistant to hostile enchantments.


Message History

Read which item? (? for menu, Esc to quit)
Okay, then.
You aren't carrying any potions.
Unknown command.
Casting: Freeze
Confirm with . or Enter, or press ? or * to list all spells.
Aiming: Freeze
Press: ? - help, Shift-Dir - straight line, f - hobgoblin
Aim: a hobgoblin, wielding a club You freeze the hobgoblin.
You kill the hobgoblin!
Casting: Freeze
Confirm with . or Enter, or press ? or * to list all spells.
Aiming: Freeze
Press: ? - help, Shift-Dir - straight line, f - adder
Aim: an adder You freeze the adder.
The adder seems to slow down.
The adder is moderately wounded.
The orc misses you. The adder bites you.
You die...

######### #
#.......# #.###
#.......#
#....###.......#
##....@......#
#.#.♣..S♣.......
#......S.o.....#
#.♣...<...♣.##.#
#....S...?.## #
#...♣...♣.##
#.##.....## #
#######


You could see 2 adders, an orc and a ball python.

Vanquished Creatures
  An orc (D:2)
  A giant cockroach (D:3)
  A goblin (D:2)
  3 hobgoblins
  A quokka (D:2)
  A bat (D:2)
  3 kobolds (D:2)
  2 rats (D:2)
13 creatures vanquished.

Notes
Turn   | Place    | Note
--------------------------------------------------------------
     0 | D:1      | GammafunkIsRetarded the High Elf Ice Elementalist began the quest for the Orb.
     0 | D:1      | Reached XP level 1. HP: 11/11 MP: 4/4
   152 | D:3      | Noticed an orc priest
   153 | D:3      | Gained mutation: You have a pair of small horns on your head. [potion of mutation]
   153 | D:3      | Gained mutation: You are resistant to hostile enchantments. [potion of mutation]
   153 | D:3      | Gained mutation: You are partially covered in thin metallic scales (AC +2). [potion of mutation]
   157 | D:3      | Reached XP level 2. HP: 13/17 MP: 0/7
   167 | D:3      | Noticed an ice beast
   260 | D:3      | Slain by an adder

Skill      XL: |  1 |
---------------+----+-----
Spellcasting   | 3 |  3.5
Dodging        | |  2.1
Stealth        | |  2.1
Conjurations   | |  1.1
Ice Magic      | |  3.0

Action                   || total
-------------------------++-------
Melee: Hand axe          ||     2
 Cast: Freeze            ||    24
  Use: Potion            ||     1
       Scroll            ||     1
 Stab: Sleeping          ||     1
Armor: Robe              ||    14
Dodge: Dodged            ||    16
